 Dungeon Crawl Stone Soup version 0.30-a0-726-gd89dcf765f (webtiles) character file.

Game seed: 14517340262649519815

331 bande the Covered (level 6, -9/38 HPs)
             Began as a Gargoyle Fighter on Jan 30, 2023.
             Killed by divine providence
             ... invoked by an orc priest
              (15 damage)
             ... on level 4 of the Dungeon.
             The game lasted 00:03:05 (2433 turns).

bande the Covered (Gargoyle Fighter)                Turns: 2433, Time: 00:03:05

Health: -9/38      AC: 14    Str: 20    XL:     6   Next: 51%
Magic:  6/6        EV:  7    Int:  8    God:
Gold:   247        SH:  4    Dex: 11    Spells: 5/5 levels left

rFire   . . .      SeeInvis .    a - +0 war axe
rCold   + . .      Faith    .    c - +0 buckler
rNeg    + . .      Spirit   .    m - +0 chain mail
rPois   ∞          Reflect  .    (no helmet)
rElec   +          Harm     .    (no cloak)
rCorr   .          Rampage  .    (no gloves)
Will    .....                    (no boots) Stlth
                                 (no amulet)
HPRegen 0.26/turn                s - ring of protection from cold
MPRegen 0.10/turn                (no ring)

@: no status effects
A: sickness immunity, AC +4, negative energy resistance 1, electricity
resistance, torment resistance 1, petrification resistance
a: no special abilities


You were on level 4 of the Dungeon.
You visited 1 branch of the dungeon, and saw 4 of its levels.

You collected 247 gold pieces.

Inventory:

Hand Weapons
 a - a +0 war axe (weapon)
 w - a +0 war axe
Armour
 c - a +0 buckler (worn)
 m - a +0 chain mail (worn)
Jewellery
 s - a ring of protection from cold (left hand)
Wands
 t - a wand of roots (9)
 u - a wand of paralysis (8)
Scrolls
 e - 4 scrolls of identify {unknown}
 k - a scroll of enchant weapon {unknown}
 l - a scroll of magic mapping {unknown}
 n - a scroll of blinking {unknown}
 p - a scroll of poison {unknown}
 r - a scroll of acquirement {unknown}
 v - 2 scrolls of vulnerability {unknown}
Potions
 b - a potion of magic {unknown}
 d - a potion of might
 f - 3 potions of attraction {unknown}
 g - a potion of heal wounds {unknown}
 h - a potion of curing {unknown}
 i - a potion of flight {unknown}
 j - a potion of degeneration {unknown}
 o - a potion of lignification {unknown}
 q - a potion of berserk rage {unknown}


   Skills:
 + Level 4.3 Fighting
 + Level 4.0 Axes
 + Level 4.4 Armour
 + Level 3.9 Shields
 * Level 2.0 Evocations


You had 5 spell levels left.
You didn't know any spells.
Your spell library contained the following spells:

 Spells                   Type           Power      Damage    Failure   Level
 Apportation              Tloc           0%         N/A       99%         1
 Ensorcelled Hibernation  Hex/Ice        0%         N/A       100%        2
 Passwall                 Tmut/Erth      0%         N/A       100%        2
 Frozen Ramparts          Ice            0%         1d1       100%        3
 Swiftness                Air            0%         N/A       100%        3
 Anguish                  Hex/Necr       0%         N/A       100%        4
 Ice Form                 Ice/Tmut       0%         N/A       100%        4
 Summon Ice Beast         Ice/Summ       0%         N/A       100%        4
 Alistair's Intoxication  Tmut/Pois      0%         N/A       100%        5
 Enfeeble                 Hex            0%         N/A       100%        7


Dungeon Overview and Level Annotations

Branches:
Dungeon (4/15)
 Temple: D:4-7

Altars:
Uskayaw

Shops:
D:3 =   D:4 [?


Innate Abilities, Weirdness & Mutations

You are immune to sickness and miasma.
Your stone body is resilient. (AC +4)
You are immune to poison.
You resist negative energy. (rN+)
You are resistant to electric shocks. (rElec)
You are resistant to unholy torment.
You are immune to petrification.


Message History

A giant cockroach comes into view.
The orc priest moves out of view.
You hit the dart slug but do no damage.
You hear the brisk rusting of a distant drain.
The dart slug bites you but does no damage.
You hit the dart slug.
The dart slug is severely wounded.
The dart slug bites you but does no damage.
You hit the dart slug.
The dart slug is almost dead.
The dart slug launches a dart at you. The slug dart hits you.
The orc priest mumbles some strange prayers to Beogh against you.
Beogh smites you!
You hit the dart slug.
You kill the dart slug!
The orc priest mumbles some strange prayers to Beogh against you.
Beogh smites you!
The giant cockroach bites you but does no damage.
You are too injured to fight recklessly!
There are monsters nearby!
You are too injured to fight recklessly!
You are too injured to fight recklessly!
You are too injured to fight recklessly!
You are too injured to fight recklessly!
You are too injured to fight recklessly!
You are too injured to fight recklessly!
You are too injured to fight recklessly!
You are too injured to fight recklessly!
You are too injured to fight recklessly!
You slash the giant cockroach!
You kill the giant cockroach!
An orc comes into view. It is wielding a +0 mace.
The orc priest invokes the aid of Beogh against you.
Beogh smites you!
* * * LOW HITPOINT WARNING * * *
The orc shouts!
The orc priest calls down the wrath of Beogh upon you.
Beogh smites you!
You die...

# ###### ##
#..#o####
#.
#.#@..oo#
####.
#.####.#..#
#....
#..#.######
#.###
#.#...†.#.#
#.#..
######.#..#
#.#..
....####.#
##....
#..###.#
##.....
#.....#
#8.8.8.
#.#####
#.⌠.⌠..


You could see an orc priest, an orc wizard and an orc.

Vanquished Creatures
  An ogre (D:4)
  A phantom (D:4)
  A necrophage (D:4)
  A hound (D:3)
  2 adders
  3 worms (D:2)
  A dart slug (D:4)
  An orc (D:4)
  7 ball pythons
  6 endoplasms
  3 giant cockroaches
  5 goblins
  4 hobgoblins
  8 kobolds
  A quokka (D:2)
  6 bats
  4 frilled lizards
  3 rats
58 creatures vanquished.

Notes
Turn   | Place    | Note
-------+----------+-------------------------------------------
     0 | D:1      | bande the Gargoyle Fighter began the quest for the Orb.
     0 | D:1      | Reached XP level 1. HP: 14/14 MP: 1/1
   272 | D:1      | Reached XP level 2. HP: 12/19 MP: 2/2
   845 | D:2      | Reached XP level 3. HP: 24/24 MP: 3/3
  1379 | D:3      | Reached XP level 4. HP: 15/29 MP: 4/4
  1515 | D:3      | Found a hide-covered altar of Uskayaw.
  1931 | D:3      | Found Hioxenim's Jewellery Shoppe.
  2134 | D:4      | Found Daegezus's Antique Armour Boutique.
  2139 | D:4      | Noticed an ogre
  2145 | D:4      | Killed an ogre
  2146 | D:4      | Reached skill level 1 in Evocations
  2146 | D:4      | Reached XP level 5. HP: 4/33 MP: 5/5
  2274 | D:4      | Found Josh's Magic Scroll Shoppe.
  2281 | D:4      | Noticed a phantom
  2291 | D:4      | Killed a phantom
  2292 | D:4      | Reached XP level 6. HP: 26/38 MP: 6/6
  2433 | D:4      | Killed from afar by an orc priest

Illustrated notes

Levels and vault maps discovered:
D:1:      evilmike_arrival_rings, layout_loops_ring, serial_glass,
          glass_columns_b, glass_columns_a
D:2:      layout_basic, serial_glass, glass_columns_a, glass_columns_a,
          minmay_strange_pillars, feat_on_display, minivault_26
D:3:      layout_loops_ring, mainiacjoe_overflow_boulevard, serial_shops,
          shop_statue, minmay_stone_trees_small
D:4:      minmay_angry_zag, layout_basic, nicolae_ru_the_path_less_chosen,
          serial_shops, nicolae_shop_temple_entry_statues_fountains,
          nicolae_shop_temple_entry_statues_fountains, nicolae_stop_n_shop_2,
          nicolae_shop_competitors_out_of_business, shop,
          cheibrodos_sewer_entry_bend, ebering_ghost_sewer_f,
          uniq_blork_the_orc, uniq_natasha, uniq_menkaure

Skill      XL: |  1  2  3  4  5  6 |
---------------+-------------------+-----
Axes           | 2 3 4 |  4.0
Fighting       | 4 |  4.3
Armour         | 4 |  4.4
Evocations     | 1 2 |  2.0
Shields        | |  3.9

Action                     |  1- 3 |  4- 6 || total
---------------------------+-------+-------++-------
  Melee: War axe           |   107 |    66 ||   173
 Armour: Scale mail        |    16 |       ||    16
         Chain mail        |    67 |    50 ||   117
  Dodge: Dodged            |    55 |    30 ||    85
  Block: Buckler           |    20 |    11 ||    31

Table legend: (Time is in decaauts)
 A = Elapsed time spent in this place.
 B = Non-inter-level travel time spent in this place.
 C = Inter-level travel time spent in this place.
 D = Time resting spent in this place.
 E = Time spent auto-exploring this place.
 F = Levels seen in this place.
 G = Mean time per level.
                   A        B        C        D        E       F      G
               +--------+--------+--------+--------+--------+-----+--------+
         Total |   2504 |   2472 |     32 |     89 |   1843 |   4 |  626.0 |
       Dungeon |   2504 |   2472 |     32 |     89 |   1843 |   4 |  626.0 |
               +--------+--------+--------+--------+--------+-----+--------+

Top non-repeatable levels by time:
     D:3: 795 daAuts
     D:1: 773 daAuts
     D:2: 624 daAuts
     D:4: 310 daAuts
